[Event "Titled Tuesday Blitz August 1 Early 2023"]
[White "Cheer_Down"]
[Black "Vaibhav Jayant Raut"]
[BlackFideId "5089034"]
[WhiteElo "2424"]
[BlackElo "2597"]
[Result "0-1"]
[Round "3"]
[TimeControl "180+1"]
[Date "2023.08.01"]
[WhiteClock "0:00:21"]
[BlackClock "0:00:50"]
[Board "133"]

1. e4 c5 2. Nf3 d6 3. Bb5+ Bd7 4. c4 Nf6 5. Nc3 e6 6. O-O Be7 7. d4 cxd4 8. Nxd4 O-O 9. Be3 a6 10. Ba4 Bxa4 11. Qxa4 Nbd7 12. f3 Rc8 13. Qb3 Qc7 14. Rac1 Ne5 15. Na4 Nfd7 16. c5 Nxc5 17. Nxc5 dxc5 18. Ne2 Rfd8 19. Rfd1 b5 20. Qc2 c4 21. b3 Ba3 22. Rxd8+ Rxd8 23. Rd1 Rd3 24. Bf4 Qc5+ 25. Kf1 Rxd1+ 26. Qxd1 Nd3 27. Bg3 h5 28. Nf4 Nxf4 29. Bxf4 c3 30. Qd8+ Kh7 31. Qe8 c2 32. Qxf7 c1=Q+ 33. Bxc1 Qxc1+ 34. Ke2 Qc2+ 35. Ke3 Bc5+ 36. Kf4 Qd2+ 37. Kg3 Qg5+ 38. Kh3 Be7 39. Qxe6 Qh4# 0-1


[Site "https://www.chess.com"]

[Event "Titled Tuesday Blitz August 1 Early 2023"]
[White "Shukhman, Anna"]
[Black "Titichoca Daza, Daniel"]
[WhiteFideId "54180058"]
[BlackFideId "3309550"]
[WhiteElo "2596"]
[BlackElo "2423"]
[Result "1-0"]
[Round "3"]
[TimeControl "180+1"]
[Date "2023.08.01"]
[WhiteClock "0:02:08"]
[BlackClock "0:00:43"]
[Board "134"]

1. e4 e5 2. Nf3 Nc6 3. Bb5 Nf6 4. d3 d6 5. O-O Bd7 6. Nc3 g6 7. d4 exd4 8. Nxd4 Bg7 9. Re1 O-O 10. Nxc6 bxc6 11. Bf1 Re8 12. Bg5 h6 13. Bh4 g5 14. Bg3 Rb8 15. e5 dxe5 16. Bxe5 Rxb2 17. Qf3 Rxe5 18. Rxe5 Nd5 19. Nxd5 Bxe5 20. Re1 Bg7 21. Ne7+ Kh8 22. Qxf7 1-0


[Site "https://www.chess.com"]

[Event "Titled Tuesday Blitz August 1 Early 2023"]
[White "Rozhkov, Viacheslav"]
[Black "Nurgaliyeva, Zarina"]
[WhiteFideId "4181484"]
[BlackFideId "13730096"]
[WhiteElo "2423"]
[BlackElo "2591"]
[Result "1-0"]
[Round "3"]
[TimeControl "180+1"]
[Date "2023.08.01"]
[WhiteClock "0:00:12"]
[BlackClock "0:00:00"]
[Board "135"]

1. e4 e5 2. Nf3 Nc6 3. d4 exd4 4. Bc4 Bc5 5. c3 Nf6 6. e5 d5 7. Bb5 Ne4 8. cxd4 Bb6 9. Nc3 O-O 10. Be3 f5 11. exf6 Nxf6 12. Bxc6 bxc6 13. Ne5 Qd6 14. O-O Ba5 15. Rc1 Bd7 16. Na4 Bb6 17. Qc2 Ng4 18. Nxg4 Bxg4 19. Qxc6 Qd8 20. h3 Bf5 21. Nc3 Bd3 22. Rfd1 Bf5 23. Qxd5+ Qxd5 24. Nxd5 Be6 25. Nxc7 Bxc7 26. Rxc7 Bxa2 27. Ra1 Bd5 28. Raxa7 Rxa7 29. Rxa7 Rb8 30. Bf4 Rxb2 31. Be5 g6 32. Rg7+ Kf8 33. Rxh7 Rb1+ 34. Kh2 Rb2 35. Kg3 Rb3+ 36. f3 Re3 37. Rd7 Bc4 38. h4 Re2 39. Rd8+ Ke7 40. Rc8 Bb5 41. Rc7+ Ke6 42. Rg7 Kf5 43. Rf7+ Ke6 44. Rf6+ Ke7 45. Rxg6 Rd2 46. Rg7+ Kf8 47. Rc7 Bf1 48. Kf4 Bxg2 49. h5 Rd3 50. h6 1-0


[Site "https://www.chess.com"]

[Event "Titled Tuesday Blitz August 1 Early 2023"]
[White "Davidson, Kevin"]
[Black "Kashlinskaya, Alina"]
[WhiteFideId "2056810"]
[BlackFideId "4198026"]
[WhiteElo "2420"]
[BlackElo "2585"]
[Result "1-0"]
[Round "3"]
[TimeControl "180+1"]
[Date "2023.08.01"]
[WhiteClock "0:00:59"]
[BlackClock "0:00:28"]
[Board "136"]

1. e4 c6 2. d4 d5 3. e5 Bf5 4. h4 h5 5. Bg5 Qb6 6. Bd3 Bxd3 7. Qxd3 Qxb2 8. e6 Qxa1 9. Qb3 Qxd4 10. Qxb7 fxe6 11. Nf3 Qe4+ 12. Be3 Qxc2 13. Qc8+ Kf7 14. Ne5+ Kf6 15. Qxf8+ Kxe5 16. Qf4# 1-0


[Site "https://www.chess.com"]

[Event "Titled Tuesday Blitz August 1 Early 2023"]
[White "Sourath Biswas"]
[Black "Ionescu, Mihai"]
[WhiteFideId "35091484"]
[BlackFideId "1202499"]
[WhiteElo "2585"]
[BlackElo "2419"]
[Result "1-0"]
[Round "3"]
[TimeControl "180+1"]
[Date "2023.08.01"]
[WhiteClock "0:00:19"]
[BlackClock "0:00:00"]
[Board "137"]

1. d4 Nf6 2. Nf3 b6 3. Bf4 Bb7 4. e3 g6 5. Nbd2 Bg7 6. Bc4 O-O 7. O-O d6 8. h3 e6 9. a4 a5 10. Qe2 Nbd7 11. c3 Qe7 12. Bh2 Kh8 13. e4 e5 14. dxe5 dxe5 15. Rfd1 Nh5 16. Bd5 Bxd5 17. exd5 f5 18. Nc4 f4 19. Nd4 Nc5 20. Nc6 Qe8 21. N4xe5 f3 22. gxf3 Nf4 23. Qe3 Nxh3+ 24. Kg2 Qc8 25. Ne7 Qd8 26. N7xg6+ hxg6 27. Nxg6+ Kg8 28. Nxf8 Qxf8 29. Kxh3 Qf5+ 30. Kg2 Kf7 31. Qf4 Qxf4 32. Bxf4 Rg8 33. Kf1 Bf6 34. Bxc7 Nd7 35. Re1 Rh8 36. Kg2 Rg8+ 37. Bg3 Rh8 38. Re6 Rg8 39. Rd6 1-0


[Site "https://www.chess.com"]

[Event "Titled Tuesday Blitz August 1 Early 2023"]
[White "Lana Rodriguez, David"]
[Black "Diaz Herquinio, Brahian"]
[WhiteFideId "2270803"]
[BlackFideId "3809480"]
[WhiteElo "2584"]
[BlackElo "2417"]
[Result "1-0"]
[Round "3"]
[TimeControl "180+1"]
[Date "2023.08.01"]
[WhiteClock "0:02:51"]
[BlackClock "0:01:15"]
[Board "138"]

1. e4 c5 2. Nf3 d6 3. d4 cxd4 4. Qxd4 Nc6 5. Qe3 Nf6 6. Be2 a6 7. O-O e6 8. Rd1 Qc7 9. h3 Be7 10. c4 O-O 11. b3 b6 12. Bb2 Bb7 13. Nc3 Rab8 14. Rac1 Ba8 15. Nd5 exd5 16. cxd5 Qd7 17. dxc6 Bxc6 18. e5 1-0


[Site "https://www.chess.com"]

[Event "Titled Tuesday Blitz August 1 Early 2023"]
[White "Harriott, Tyrell"]
[Black "Hajiyev, Kanan"]
[WhiteFideId "2086484"]
[BlackFideId "13404148"]
[WhiteElo "2416"]
[BlackElo "2582"]
[Result "1-0"]
[Round "3"]
[TimeControl "180+1"]
[Date "2023.08.01"]
[WhiteClock "0:00:19"]
[BlackClock "0:00:28"]
[Board "139"]

1. d4 Nf6 2. e3 e6 3. Bd3 b6 4. f4 Bb7 5. Nf3 Be7 6. O-O O-O 7. Nbd2 d6 8. c3 c5 9. a3 Nc6 10. e4 cxd4 11. cxd4 e5 12. d5 Nd4 13. Nxd4 exd4 14. Nf3 Ng4 15. Qe2 Ne3 16. Bxe3 dxe3 17. Qxe3 f5 18. Rad1 fxe4 19. Qxe4 g6 20. Nd4 Qd7 21. Bb5 Qd8 22. Ne6 Qc8 23. Rc1 Qb8 24. Nxf8 Qxf8 25. Rc7 a6 26. Bd3 Re8 27. Rxb7 Bf6 28. Qf3 Bxb2 29. f5 Bd4+ 30. Kh1 g5 31. f6 Qxf6 32. Qxf6 Bxf6 33. Rxf6 Re1+ 34. Rf1 1-0


[Site "https://www.chess.com"]

[Event "Titled Tuesday Blitz August 1 Early 2023"]
[White "Thomforde-Toates, Noah"]
[Black "FuenfgegenWilly"]
[WhiteFideId "30951992"]
[WhiteElo "2582"]
[BlackElo "2415"]
[Result "1-0"]
[Round "3"]
[TimeControl "180+1"]
[Date "2023.08.01"]
[WhiteClock "0:00:31"]
[BlackClock "0:00:09"]
[Board "140"]

1. d4 d5 2. Nc3 h6 3. Bf4 g5 4. Bg3 c6 5. e4 dxe4 6. Nxe4 Bg7 7. c3 Bf5 8. Bd3 Bxe4 9. Bxe4 Nf6 10. Bc2 Nbd7 11. h4 g4 12. Ne2 Qa5 13. Nf4 e5 14. dxe5 Nxe5 15. O-O O-O 16. Re1 Rad8 17. Qe2 Rfe8 18. Qf1 Rd2 19. Re2 Red8 20. Bb3 Qc5 21. Ne6 fxe6 22. Rxe5 Qb6 23. Rxe6 Kh7 24. Re7 R8d7 25. Rxd7 Rxd7 26. Qe2 Qd8 27. Bf4 Re7 28. Qc2+ Kh8 29. Rd1 Qe8 30. Qd2 Ne4 31. Qd8 Nc5 32. Bc2 Ne6 33. Qxe8+ Rxe8 34. Bg3 Re7 35. Bf5 h5 36. Bg6 Nf8 37. Bxh5 Re4 38. Rd8 Kh7 39. f3 Re2 40. Bxg4 Rxb2 41. Bf5+ Kg8 42. h5 Rxa2 43. Bf4 Bf6 44. Rb8 Rb2 45. h6 Rb5 46. h7+ Kf7 47. Be4 a5 48. Bd6 Nxh7 49. Bxh7 Bxc3 50. Bg8+ Kg6 51. Bc4 Rb1+ 52. Kh2 b5 53. Rg8+ Kf6 54. Rf8+ Kg7 55. Rf7+ Kg6 56. Bd3+ Kxf7 57. Bxb1 b4 58. Bc2 Ke6 59. Bc7 c5 60. Bxa5 c4 61. g4 Be5+ 62. Kg2 b3 63. Bd1 Kd5 64. Kf2 Kd4 65. g5 Kd3 66. Be2+ Kc2 67. Bxc4 b2 68. Be6 Kc1 69. Bf5 b1=Q 70. Bxb1 Kxb1 71. Ke3 Kc2 72. Ke4 Bg7 73. f4 Kb3 74. f5 Kc4 75. f6 Bf8 76. g6 Kc5 77. g7 Bd6 78. g8=Q 1-0


[Site "https://www.chess.com"]

[Event "Titled Tuesday Blitz August 1 Early 2023"]
[White "Tsyhanchuk, Stanislav"]
[Black "Gunduz, Umut Erdem"]
[WhiteFideId "13505130"]
[BlackFideId "6381383"]
[WhiteElo "2415"]
[BlackElo "2582"]
[Result "0-1"]
[Round "3"]
[TimeControl "180+1"]
[Date "2023.08.01"]
[WhiteClock "0:00:06"]
[BlackClock "0:01:12"]
[Board "141"]

1. c4 c6 2. Nc3 d5 3. e3 Nf6 4. Nf3 Bf5 5. cxd5 cxd5 6. Qb3 Qb6 7. Nxd5 Nxd5 8. Qxd5 e6 9. Qb5+ Nd7 10. Ne5 Qc7 11. Nxd7 Qxd7 12. Qxd7+ Kxd7 13. Bb5+ Kc7 14. d4 a6 15. Be2 Bd6 16. Bd2 b5 17. f3 Kb6 18. e4 Bg6 19. Be3 Rac8 20. a3 Rc2 21. Rb1 f5 22. e5 Be7 23. d5+ Bc5 24. Bd3 Rxg2 25. Bxc5+ Kxc5 26. d6 Kd4 27. Be2 Kxe5 28. Kf1 Rg5 29. h4 Rg3 30. h5 Bf7 31. Kf2 f4 32. Rbd1 Rd8 33. Rhe1 Kf6 34. Bf1 Bxh5 35. Bg2 Be8 36. Re4 g5 37. Red4 Bc6 38. d7 Bd5 39. Rxd5 exd5 40. Rxd5 Ke6 41. Rd2 Rxd7 42. Re2+ Kf6 43. Rc2 Rd6 44. Kf1 h5 45. Kf2 g4 46. fxg4 hxg4 47. Bb7 Rh3 48. Kg2 f3+ 49. Kg1 Rd1+ 50. Kf2 Rh2+ 51. Ke3 Rxc2 52. Bc8 f2 53. Bxg4 f1=Q 54. Bxd1 Qxd1 55. Kf4 Qd4+ 56. Kg3 Qe3+ 57. Kg4 Rc4+ 58. Kh5 Qg5# 0-1


[Site "https://www.chess.com"]

[Event "Titled Tuesday Blitz August 1 Early 2023"]
[White "robertoalejandro10"]
[Black "Bogaudinov, Rushan"]
[BlackFideId "4129288"]
[WhiteElo "2582"]
[BlackElo "2415"]
[Result "0-1"]
[Round "3"]
[TimeControl "180+1"]
[Date "2023.08.01"]
[WhiteClock "0:00:01"]
[BlackClock "0:00:17"]
[Board "142"]

1. Nf3 d5 2. c4 c6 3. b3 g6 4. Bb2 Nf6 5. g3 Bg7 6. Bg2 O-O 7. O-O a5 8. d3 Nbd7 9. a3 Re8 10. Ne5 Nxe5 11. Bxe5 Bf5 12. Nd2 Qd7 13. Qc2 Bh3 14. Qb2 Bxg2 15. Kxg2 dxc4 16. bxc4 b5 17. Rfc1 h5 18. h4 Rec8 19. Rab1 Qg4 20. Nf3 Qd7 21. cxb5 cxb5 22. Rxc8+ Rxc8 23. Qxb5 Qxb5 24. Rxb5 Rc2 25. Nd4 Ra2 26. Rxa5 Ng4 27. Ra8+ Kh7 28. Bxg7 Kxg7 29. f3 Ne3+ 30. Kf2 Nd1+ 31. Ke1 Nc3 32. Rc8 Rxa3 33. Rc7 e5 34. Ne6+ Kf6 35. Ng5 e4 36. f4 Kf5 37. dxe4+ Kg4 38. Rxf7 Ra2 39. e5 Rxe2+ 40. Kf1 Kxg3 41. e6 Rf2+ 42. Ke1 Re2+ 43. Kf1 Rf2+ 44. Kg1 Ne2+ 45. Kh1 Rf1# 0-1


[Site "https://www.chess.com"]

[Event "Titled Tuesday Blitz August 1 Early 2023"]
[White "EsmeraldasAnderson03"]
[Black "Parpiev, Isaak"]
[BlackFideId "34281576"]
[WhiteElo "2414"]
[BlackElo "2580"]
[Result "1-0"]
[Round "3"]
[TimeControl "180+1"]
[Date "2023.08.01"]
[WhiteClock "0:00:14"]
[BlackClock "0:00:00"]
[Board "143"]

1. d4 Nf6 2. Nf3 g6 3. Bf4 Bg7 4. h3 O-O 5. e3 c5 6. c3 b6 7. Nbd2 Bb7 8. Bh2 Nc6 9. Be2 d5 10. O-O Nd7 11. a4 a6 12. Qb3 e5 13. dxe5 Ndxe5 14. Nxe5 Nxe5 15. Rfd1 d4 16. cxd4 cxd4 17. exd4 Nc6 18. Nf3 Na5 19. Qe3 Re8 20. Qd3 Be4 21. Qc3 Rc8 22. Qa3 Bc2 23. Re1 Nb3 24. Bxa6 Nxa1 25. Rxe8+ Qxe8 26. Bxc8 Nb3 27. Ba6 Nxd4 28. Bf1 1-0


[Site "https://www.chess.com"]

[Event "Titled Tuesday Blitz August 1 Early 2023"]
[White "Krzywda, Andrzej"]
[Black "Borgaonkar Akshay"]
[WhiteFideId "1114565"]
[BlackFideId "25639110"]
[WhiteElo "2412"]
[BlackElo "2578"]
[Result "0-1"]
[Round "3"]
[TimeControl "180+1"]
[Date "2023.08.01"]
[WhiteClock "0:00:54"]
[BlackClock "0:01:29"]
[Board "144"]

1. e4 c5 2. Nf3 e6 3. d4 cxd4 4. Nxd4 Nc6 5. Bf4 d6 6. Nxc6 bxc6 7. c4 e5 8. Be3 Nf6 9. Nc3 Be6 10. Be2 Be7 11. O-O Rb8 12. Qc2 O-O 13. b3 a5 14. Rfd1 Qc7 15. Rac1 Nd7 16. Na4 f5 17. exf5 Bxf5 18. Bd3 Bxd3 19. Qxd3 Nf6 20. Qe2 Qd7 21. Bc5 Qe6 22. Ba3 Ng4 23. f3 Nf6 24. Rc2 Nh5 25. Bc1 Qg6 26. Be3 Bg5 27. Bxg5 Qxg5 28. Rxd6 Nf4 29. Qf1 e4 30. Kh1 exf3 31. Qxf3 Nh3 32. Qd1 Nf2+ 33. Rxf2 Rxf2 34. Rd8+ Rxd8 0-1


[Site "https://www.chess.com"]

[Event "Titled Tuesday Blitz August 1 Early 2023"]
[White "Dishman, Stephen"]
[Black "Zavgorodniy, Sergiy"]
[WhiteFideId "403024"]
[BlackFideId "14110148"]
[WhiteElo "2406"]
[BlackElo "2576"]
[Result "0-1"]
[Round "3"]
[TimeControl "180+1"]
[Date "2023.08.01"]
[WhiteClock "0:00:41"]
[BlackClock "0:01:11"]
[Board "145"]

1. c4 Nf6 2. g3 d6 3. d4 c6 4. Bg2 e5 5. dxe5 dxe5 6. Qxd8+ Kxd8 7. Bg5 Bb4+ 8. Nd2 Be6 9. Bxf6+ gxf6 10. Rc1 Nd7 11. a3 Be7 12. Ngf3 a5 13. b3 Bxa3 14. Ra1 Bb4 15. O-O Ke7 16. Ne4 f5 17. Neg5 h6 18. Nxe6 fxe6 19. Ne1 Nc5 20. Rb1 Bxe1 21. Rfxe1 Rhd8 22. Rb2 Rd6 23. Ra1 Rdd8 24. Bf1 Kd6 25. e3 Kc7 26. Be2 Kb6 27. Kf1 Na6 28. Ke1 Nb4 29. Rd2 Rxd2 30. Kxd2 Rd8+ 31. Kc3 Na6 32. Bh5 Nc5 33. Be2 Ne4+ 34. Kb2 Rd2+ 0-1


[Site "https://www.chess.com"]

[Event "Titled Tuesday Blitz August 1 Early 2023"]
[White "Fisabilillah, Ummi"]
[Black "Guz, Ari"]
[WhiteFideId "7104804"]
[BlackFideId "2825759"]
[WhiteElo "2404"]
[BlackElo "2574"]
[Result "0-1"]
[Round "3"]
[TimeControl "180+1"]
[Date "2023.08.01"]
[WhiteClock "0:00:16"]
[BlackClock "0:00:48"]
[Board "146"]

1. e4 e6 2. Nf3 d5 3. Nc3 Nf6 4. Qe2 d4 5. Nd1 c5 6. d3 Nc6 7. g3 e5 8. Bg2 h6 9. O-O Be6 10. a3 Qd7 11. Nh4 g6 12. f4 exf4 13. Rxf4 Ng4 14. Rf1 Bd6 15. Nf2 Nge5 16. Bd2 O-O-O 17. b4 c4 18. b5 Ne7 19. Bb4 c3 20. Rfb1 h5 21. Nf3 Nxf3+ 22. Qxf3 Be5 23. h4 Ng8 24. Ba5 Rf8 25. Rf1 Nf6 26. Bb4 Rd8 27. Nh1 Ng4 28. a4 Ne3 29. Rf2 f6 30. Qe2 Qc7 31. Kh2 g5 32. hxg5 h4 33. Kg1 fxg5 34. gxh4 Bh2# 0-1


[Site "https://www.chess.com"]

[Event "Titled Tuesday Blitz August 1 Early 2023"]
[White "Bueno, Alfeu Junior Varela"]
[Black "Tologon tegin, Semetei"]
[WhiteFideId "2108879"]
[BlackFideId "13800574"]
[WhiteElo "2387"]
[BlackElo "2574"]
[Result "0-1"]
[Round "3"]
[TimeControl "180+1"]
[Date "2023.08.01"]
[WhiteClock "0:00:00"]
[BlackClock "0:01:45"]
[Board "147"]

1. e4 e5 2. Nc3 Bc5 3. Bc4 d6 4. Qf3 Nf6 5. h3 Nc6 6. Nge2 O-O 7. d3 Nd4 8. Nxd4 exd4 9. Ne2 Nd7 10. Bd2 Ne5 11. Qg3 Nxc4 12. dxc4 Re8 13. f3 Be6 14. b3 a5 15. O-O-O a4 16. Kb1 axb3 17. cxb3 b5 18. cxb5 Rxa2 19. Kxa2 Qa8+ 20. Kb1 Bxb3 21. Nc1 Qa4 0-1


[Site "https://www.chess.com"]

[Event "Titled Tuesday Blitz August 1 Early 2023"]
[White "Stork, Oliver"]
[Black "Ingebretsen, Jens E"]
[WhiteFideId "12955728"]
[BlackFideId "1522965"]
[WhiteElo "2386"]
[BlackElo "2574"]
[Result "1-0"]
[Round "3"]
[TimeControl "180+1"]
[Date "2023.08.01"]
[WhiteClock "0:00:05"]
[BlackClock "0:02:33"]
[Board "148"]

1. e4 c5 2. Nf3 e6 3. d4 cxd4 4. Nxd4 Nf6 5. Nc3 Nc6 6. Ndb5 d6 7. Bf4 e5 8. Bg5 a6 9. Na3 b5 10. Nd5 Be7 11. Bxf6 Bxf6 12. c3 Ne7 13. Nxf6+ gxf6 14. Nc2 Bb7 15. Bd3 d5 16. Qe2 f5 17. exf5 e4 18. f6 Ng6 19. Nd4 Qxf6 20. Qe3 O-O 21. Bc2 Qe5 22. g3 f5 23. f4 exf3 24. Qxe5 Nxe5 25. Kf2 f4 26. Rhg1 Kh8 27. Ne6 fxg3+ 28. Rxg3 Rf6 29. Rg7 Ng4+ 30. Rxg4 Rxe6 31. Bd3 Rae8 32. Rag1 R6e7 33. R1g3 d4 34. Rxd4 Rf8 35. Rh3 Ref7 36. Rdh4 Rd8 37. Rxh7+ Rxh7 38. Rxh7+ Kg8 39. Rxb7 Rxd3 40. Rb6 Rd2+ 41. Kxf3 Rxh2 42. Rxa6 Rxb2 43. Ke4 Kf7 44. Kd4 Ke7 45. Kc5 Rc2 46. Kb4 Rb2+ 47. Kc5 Rc2 48. Kxb5 Rxc3 49. Rc6 Ra3 50. Ra6 Rh3 51. Ra4 Kd7 52. Rc4 Kd6 53. Rc2 Ra3 54. Kb4 Ra8 55. Kb3 Rb8+ 56. Kc3 Kc5 57. Kd2+ Kb4 58. Rb2+ 1-0


[Site "https://www.chess.com"]

[Event "Titled Tuesday Blitz August 1 Early 2023"]
[White "Bilan, Danila"]
[Black "Gauravthegm"]
[WhiteFideId "24161918"]
[WhiteElo "2572"]
[BlackElo "2386"]
[Result "1-0"]
[Round "3"]
[TimeControl "180+1"]
[Date "2023.08.01"]
[WhiteClock "0:00:19"]
[BlackClock "0:00:19"]
[Board "149"]

1. d4 Nf6 2. Nf3 c5 3. e3 e6 4. Bd3 d5 5. c3 Nc6 6. Nbd2 Qc7 7. O-O b6 8. e4 dxe4 9. Nxe4 Nxe4 10. Bxe4 Bb7 11. Qa4 Bd6 12. dxc5 Bxc5 13. Bf4 Bd6 14. Bxd6 Qxd6 15. Rad1 Qc7 16. Ne5 Rc8 17. f4 f6 18. Rd7 fxe5 19. Rxc7 Rxc7 20. fxe5 Rf8 21. Rxf8+ Kxf8 22. Bxh7 Rd7 23. Qf4+ Ke7 24. Be4 Kd8 25. h4 Kc7 26. h5 a5 27. g4 Rd1+ 28. Kh2 Re1 29. g5 Re2+ 30. Kg3 Rxb2 31. h6 gxh6 32. gxh6 Rxa2 33. h7 Ra4 34. h8=Q 1-0


[Site "https://www.chess.com"]

[Event "Titled Tuesday Blitz August 1 Early 2023"]
[White "Rosenberg, Evan S"]
[Black "Siniauski, Artsiom"]
[WhiteFideId "2019299"]
[BlackFideId "13512269"]
[WhiteElo "2386"]
[BlackElo "2568"]
[Result "0-1"]
[Round "3"]
[TimeControl "180+1"]
[Date "2023.08.01"]
[WhiteClock "0:00:00"]
[BlackClock "0:01:34"]
[Board "150"]

1. e4 e6 2. d4 d5 3. exd5 exd5 4. Nf3 Nc6 5. Bd3 Bd6 6. Qe2+ Nge7 7. a3 Bg4 8. c3 Qd7 9. h3 Bh5 10. O-O O-O-O 11. Nbd2 g5 12. g4 Bg6 13. Nxg5 h5 14. Bxg6 Nxg6 15. Nb3 hxg4 16. Qxg4 f5 17. Qf3 Rdg8 18. Nc5 Bxc5 19. dxc5 Nce5 20. Qe3 f4 21. c6 Qxc6 22. Qxa7 Nh4 23. Bxf4 Nef3+ 24. Kh1 Nxg5 25. Bxg5 d4+ 26. f3 Nxf3 27. Rxf3 Qxf3+ 0-1


[Site "https://www.chess.com"]

[Event "Titled Tuesday Blitz August 1 Early 2023"]
[White "Silva, Pedro Gil Ferreira Da"]
[Black "The_Sherman_Variation"]
[WhiteFideId "1946102"]
[WhiteElo "2379"]
[BlackElo "2564"]
[Result "1-0"]
[Round "3"]
[TimeControl "180+1"]
[Date "2023.08.01"]
[WhiteClock "0:01:14"]
[BlackClock "0:00:34"]
[Board "151"]

1. e4 g5 2. d4 h6 3. Nc3 d6 4. h4 gxh4 5. Rxh4 Bg7 6. Nf3 Nc6 7. Be3 e5 8. dxe5 Nxe5 9. Nxe5 Qxh4 10. Nd5 Qd8 11. Nd3 c6 12. N5f4 Ne7 13. Qh5 a5 14. O-O-O a4 15. a3 Qa5 16. Be2 Qxh5 17. Nxh5 O-O 18. g4 Ng6 19. f4 Re8 20. Nf2 d5 21. e5 b6 22. Bxb6 Rb8 23. Bd4 Nf8 24. Nxg7 Kxg7 25. f5 Nh7 26. Nd3 Ng5 27. Nf4 Kh7 28. Nh5 Rd8 29. Bd3 Ra8 30. Rh1 Ba6 31. Nf6+ Kg7 32. e6 fxe6 33. Ne4+ Kg8 34. Nxg5 hxg5 35. fxe6 Kf8 36. Bf6 1-0


[Site "https://www.chess.com"]

[Event "Titled Tuesday Blitz August 1 Early 2023"]
[White "Kuzmin, Roman"]
[Black "Han, Yichen"]
[WhiteFideId "44134932"]
[BlackFideId "1054430"]
[WhiteElo "2560"]
[BlackElo "2377"]
[Result "1-0"]
[Round "3"]
[TimeControl "180+1"]
[Date "2023.08.01"]
[WhiteClock "0:00:03"]
[BlackClock "0:00:02"]
[Board "152"]

1. e4 c6 2. d4 g6 3. h4 d5 4. e5 h5 5. c4 Bf5 6. Nc3 e6 7. Nf3 Bh6 8. Bg5 Bxg5 9. Nxg5 Nh6 10. Be2 Nd7 11. cxd5 exd5 12. Qd2 Nf8 13. O-O Ne6 14. Nf3 Ng4 15. b4 O-O 16. b5 c5 17. dxc5 d4 18. Na4 d3 19. Bd1 Nd4 20. Nxd4 Qxd4 21. Bxg4 Qxg4 22. Nc3 Qxh4 23. Nd5 Kg7 24. Rac1 Qd4 25. Ne3 Qxe5 26. Rfe1 Qf6 27. c6 bxc6 28. Rxc6 Qg5 29. Rc5 Qf6 30. Nxf5+ gxf5 31. Qxd3 Rae8 32. Rxe8 Rxe8 33. Rxf5 Re1+ 34. Kh2 Qa1 35. Qg3+ Kf8 36. Qd6+ Ke8 37. Qb8+ Ke7 38. Qc7+ Ke6 39. Qxf7+ Kd6 40. Rd5# 1-0


[Site "https://www.chess.com"]

[Event "Titled Tuesday Blitz August 1 Early 2023"]
[White "Buscar, Michael"]
[Black "Pinero Rodriguez, Carlos Jose"]
[WhiteFideId "2603616"]
[BlackFideId "3901726"]
[WhiteElo "2376"]
[BlackElo "2559"]
[Result "1-0"]
[Round "3"]
[TimeControl "180+1"]
[Date "2023.08.01"]
[WhiteClock "0:00:04"]
[BlackClock "0:00:52"]
[Board "153"]

1. d4 Nf6 2. c4 e6 3. Nc3 Bb4 4. e3 b6 5. Bd3 Bb7 6. Nf3 O-O 7. O-O Bxc3 8. bxc3 d6 9. Nd2 Nbd7 10. e4 e5 11. f3 c5 12. Bb2 Qe7 13. Qe2 Rac8 14. Rf2 Ba6 15. d5 Nh5 16. g3 g6 17. Nf1 Ng7 18. Bc1 h5 19. a4 Kh7 20. a5 Ra8 21. axb6 axb6 22. Ne3 Bb7 23. Qb2 Rxa1 24. Qxa1 Ra8 25. Ra2 Qd8 26. Rxa8 Qxa8 27. Qxa8 Bxa8 28. Bc2 Bb7 29. Ba4 Nb8 30. Bb5 Bc8 31. Kg2 f5 32. Nd1 Bd7 33. Bg5 Ne8 34. Bd8 Bxb5 35. cxb5 Nd7 36. c4 Kg7 37. Nc3 Kf7 38. Na4 Nef6 39. exf5 gxf5 40. Bxb6 e4 41. fxe4 Nxe4 42. Bc7 Nd2 43. Nb2 Kf6 44. b6 Ke5 45. b7 Kd4 46. Bxd6 Nxc4 47. Nxc4 Kxc4 48. b8=Q Nxb8 49. Bxb8 Kxd5 50. Kf3 c4 51. Bf4 c3 52. Bc1 Ke5 53. Ke3 h4 54. Kd3 h3 55. Kxc3 Ke4 56. Kc4 Kf3 57. Bf4 Kg2 58. g4 Kf3 59. gxf5 Kxf4 60. f6 Kf3 61. f7 Kg2 62. f8=Q Kxh2 63. Qf1 Kg3 64. Qh1 h2 65. Kd3 1-0


[Site "https://www.chess.com"]

[Event "Titled Tuesday Blitz August 1 Early 2023"]
[White "Cnejev, Vladimir-Alexandru"]
[Black "Llanos, Guillermo"]
[WhiteFideId "1260898"]
[BlackFideId "100358"]
[WhiteElo "2558"]
[BlackElo "2375"]
[Result "1-0"]
[Round "3"]
[TimeControl "180+1"]
[Date "2023.08.01"]
[WhiteClock "0:00:03"]
[BlackClock "0:00:00"]
[Board "154"]

1. e4 Nf6 2. e5 Nd5 3. d4 d6 4. c4 Nb6 5. exd6 cxd6 6. Nc3 g6 7. Be3 Bg7 8. b3 O-O 9. Rc1 Bf5 10. Nf3 d5 11. c5 Nc8 12. h3 Nc6 13. Be2 e6 14. O-O h6 15. a3 g5 16. b4 a6 17. Nh2 N8e7 18. f4 f6 19. fxg5 hxg5 20. Qd2 Qe8 21. Kh1 Qg6 22. g4 Be4+ 23. Nxe4 dxe4 24. Bc4 Nd5 25. Bxd5 exd5 26. Rf2 Rf7 27. Rcf1 Ne7 28. Bxg5 Raf8 29. Bf4 f5 30. Bd6 Bh6 31. Qa2 f4 32. Bxe7 Rxe7 33. Qxd5+ Qe6 34. Qh5 e3 35. Re2 Qe4+ 36. Nf3 Rh7 37. Kg2 Bg7 38. Qg5 Kh8 39. d5 Rg8 40. Qf5 Qxf5 41. gxf5 Bc3+ 42. Kh2 Rg3 43. Ng1 Be5 44. Rf3 Rg5 45. d6 Rhg7 46. Re1 Rxf5 47. Rd1 Rd7 48. Ne2 Kh7 49. Rg1 Kh6 50. Rg4 Rdf7 51. Kg2 Kh5 52. Kf1 R5f6 53. Nc1 Bb2 54. Nd3 Bxa3 55. Rgxf4 Rxf4 56. Rxf4 Rf8 57. Rxf8 1-0


[Site "https://www.chess.com"]

[Event "Titled Tuesday Blitz August 1 Early 2023"]
[White "Porter, Ryan W"]
[Black "Li, Hui"]
[WhiteFideId "2011239"]
[BlackFideId "15400310"]
[WhiteElo "2551"]
[BlackElo "2374"]
[Result "1-0"]
[Round "3"]
[TimeControl "180+1"]
[Date "2023.08.01"]
[WhiteClock "0:00:10"]
[BlackClock "0:00:02"]
[Board "155"]

1. e4 e5 2. f4 d5 3. exd5 e4 4. d3 Nf6 5. dxe4 Nxe4 6. Nf3 Bc5 7. Qe2 Bf5 8. Nc3 Qe7 9. Be3 Nxc3 10. Bxc5 Qxe2+ 11. Bxe2 Nxe2 12. Kxe2 Na6 13. Ba3 Bxc2 14. Kd2 Be4 15. Rhe1 f5 16. Ng5 O-O-O 17. Nxe4 Rxd5+ 18. Kc2 fxe4 19. Rxe4 Rhd8 20. Re2 g6 21. Rae1 Nb8 22. Be7 Rg8 23. Bb4 Nc6 24. Bc3 Nd4+ 25. Bxd4 Rxd4 26. Re8+ Rxe8 27. Rxe8+ Rd8 28. Rxd8+ Kxd8 29. Kd3 Ke7 30. Ke4 Ke6 31. g4 c6 32. b4 b6 33. a3 Kf6 34. h3 Ke6 35. Kd4 Kf6 36. Ke4 Ke6 37. h4 Kf6 38. f5 gxf5+ 39. gxf5 h6 40. a4 a6 41. a5 bxa5 42. bxa5 c5 43. Kd5 Kxf5 44. Kxc5 Kg4 45. Kb6 Kxh4 46. Kxa6 h5 47. Kb6 Kg3 48. a6 h4 49. a7 h3 50. a8=Q h2 51. Qh1 1-0


[Site "https://www.chess.com"]

[Event "Titled Tuesday Blitz August 1 Early 2023"]
[White "Onufrienko, Vladislav"]
[Black "Elissalt Cardenas, Hector"]
[WhiteFideId "13804332"]
[BlackFideId "3500632"]
[WhiteElo "2551"]
[BlackElo "2359"]
[Result "1-0"]
[Round "3"]
[TimeControl "180+1"]
[Date "2023.08.01"]
[WhiteClock "0:00:51"]
[BlackClock "0:00:07"]
[Board "156"]

1. e4 d6 2. d4 Nf6 3. Nc3 e5 4. f4 exd4 5. Qxd4 Nc6 6. Qf2 Be7 7. Bd3 O-O 8. Nf3 Nb4 9. O-O Nxd3 10. cxd3 c5 11. Kh1 Rb8 12. a4 b6 13. h3 Ba6 14. Rd1 Qc8 15. Be3 Rd8 16. Rd2 d5 17. e5 Ne8 18. d4 Bc4 19. g4 g6 20. Qg3 Ng7 21. Rf2 Bd3 22. Kh2 Be4 23. Raf1 h5 24. Nd2 Bd3 25. Rg1 cxd4 26. Bxd4 Ne6 27. Qxd3 Nxd4 28. Qxd4 Bc5 29. Qd3 Bxf2 30. Rg2 hxg4 31. Rxf2 gxh3 32. f5 gxf5 33. Rxf5 Rb7 34. Rg5+ Kf8 35. Qh7 d4 36. Nce4 Qe6 37. Rg8+ Ke7 38. Qh4+ 1-0


[Site "https://www.chess.com"]